 Dungeon Crawl Stone Soup version 0.29.1-1-gd02db6906a (webtiles) character file.

Game seed: 17990641515254719542

531 Icepheonix32 the Changer (level 7, 0/48 HPs)
             Began as a Merfolk Transmuter on Oct 19, 2022.
             Slain by an orc wizard
             ... wielding a +0 dagger
              (2 damage)
             ... on level 4 of the Dungeon.
             The game lasted 00:07:04 (4118 turns).

Icepheonix32 the Changer (Merfolk Transmuter)       Turns: 4118, Time: 00:07:05

Health: 0/48       AC:  5    Str: 10    XL:     7   Next: 24%
Magic:  0/11       EV: 13    Int: 14    God:
Gold:   37         SH:  0    Dex: 15    Spells: 6/12 levels left

rFire   . . .      SeeInvis .     - Unarmed
rCold   . . .      Faith    .   (no shield)
rNeg    . . .      Spirit   +   v - +0 troll leather armour
rPois   .          Reflect  .   (helmet currently unavailable)
rElec   .          Harm     .   d - +0 cloak
rCorr   .          Rampage  .   (no gloves)
Will    .....                   (boots currently unavailable)
Stlth   +.........              k - amulet of guardian spirit
HPRegen 0.96/turn               (no ring)
MPRegen 0.12/turn               (no ring)

@: confused, appendages, wereblooded (expiring)
A: horns 2, (nimble swimmer 2), mertail
a: End Transformation


You were on level 4 of the Dungeon.
You had temporarily grown beastly horns.
You visited 1 branch of the dungeon, and saw 4 of its levels.

You collected 124 gold pieces.
You spent 87 gold pieces at shops.

Inventory:

Missiles
 j - 3 atropa-tipped darts
 s - 3 boomerangs
Armour
 a - a +0 robe
 d - a +0 cloak (worn)
 g - a scarf of shadows
 v - a +0 troll leather armour (worn)
Jewellery
 k - an amulet of guardian spirit (around neck)
Scrolls
 b - a scroll of immolation {unknown}
 c - 2 scrolls of butterflies
 e - a scroll of magic mapping
 l - a scroll of noise
 o - 2 scrolls of identify
 u - a scroll of fear {unknown}
Potions
 f - a potion of mutation {unknown}
 h - a potion of might
 i - a potion of flight
 m - a potion of curing
 n - a potion of cancellation {unknown}
 p - a potion of brilliance {unknown}
 q - a potion of resistance {unknown}
 r - a potion of degeneration {unknown}
 t - 2 potions of heal wounds {unknown}


   Skills:
 + Level 1.5 Fighting
 + Level 0.7 Armour
 + Level 4.2 Dodging
 + Level 1.3 Stealth
 + Level 5.3 Unarmed Combat
 + Level 3.1 Spellcasting
 * Level 5.6 Transmutations
 * Level 2.3 Poison Magic


You had 6 spell levels left.
You knew the following spells:

 Your Spells              Type           Power      Damage    Failure   Level
a - Beastly Appendage     Tmut           36%        N/A       2%          1
b - Wereblood             Tmut           18%        N/A       4%          2
c - Spider Form           Tmut/Pois      13%        N/A       17%         3

Your spell library contained the following spells:

 Spells                   Type           Power      Damage    Failure   Level
 Ice Form                 Ice/Tmut       10%        N/A       65%         4


Dungeon Overview and Level Annotations

Branches:
Dungeon (4/15)
 Temple: D:4-7

Altars:
Qazlal

Shops:
D:1 ?   D:3 ?


Innate Abilities, Weirdness & Mutations

You have temporarily grown beastly horns.
((You are very nimble when in or above water. (Stealth+, EV+, Speed+++)))
Your lower body shifts to a powerful aquatic tail in water.


Message History

Something hits you but does no damage. Something hits you.
Something barely misses you.
You barely miss something.
Your primal bloodlust is almost over.
Something hits you. x3
You hit something.
You hear some strange, mumbled words.
A magic dart appears from out of thin air!
The magic dart hits you.
You hear some strange, mumbled words.
A puff of flame appears from out of thin air!
The puff of flame hits you.
* * * LOW HITPOINT WARNING * * *
Something hits you.
* * * LOW HITPOINT WARNING * * *
You feel better. Something hits you but does no damage. Something hits you. x2
Unknown command.
You miss something. Your headbutt misses something.
You howl as the wereblood boils in your veins!
Something hits you but does no damage. Something hits you.
Something barely misses you.
Unknown command.
You closely miss something.
You howl as the wereblood boils in your veins!
Unknown command.
You closely miss something. Your headbutt misses something.
You hear some strange, mumbled words.
You are confused.
You hear some strange, mumbled words.
A magic dart appears from out of thin air!
The magic dart hits you!
* * * LOW HITPOINT WARNING * * *
Something hits you but does no damage.
You're too confused to move!
You hear some strange, mumbled words.
A puff of flame appears from out of thin air!
The puff of flame hits you!
* * * LOW HITPOINT WARNING * * *
Something hits you but does no damage. Something hits you.
You die...

.>.....# ......
###.. ## #.#J.
..###.### # .##
#.#?.:..#[# .....
##.###.#{#.#
.....###....#.#@{.#
............###.{##
....#...........##
...............##
...............#
#..........#####
#..........###
##.######.....# #..
###.###


You could see an endoplasm.

Vanquished Creatures
  Menkaure (D:4)
  A scorpion (D:4)
  A necrophage (D:4)
  2 hounds (D:4)
  Terence (D:2)
  An iguana (D:3)
  2 orc wizards (D:4)
  7 adders
  A worm (D:2)
  2 dart slugs (D:2)
  3 orcs (D:3)
  4 endoplasms
  5 giant cockroaches
  6 goblins
  2 hobgoblins
  6 jackals (D:4)
  5 kobolds
  2 quokkas
  4 ball pythons
  3 bats
  2 frilled lizards
  7 rats
68 creatures vanquished.

Vanquished Creatures (others)
  A fungus (D:1)
  A plant (D:1)
2 creatures vanquished.

Grand Total: 70 creatures vanquished

Notes
Turn   | Place    | Note
-------+----------+-------------------------------------------
     0 | D:1      | Icepheonix32 the Merfolk Transmuter began the quest for the
                  | Orb.
     0 | D:1      | Reached XP level 1. HP: 15/15 MP: 3/3
   559 | D:1      | Reached XP level 2. HP: 20/21 MP: 5/5
   950 | D:1      | Found a faded altar of an unknown god.
   952 | D:1      | Found Seusutha's Magic Scroll Emporium.
   967 | D:1      | Bought a scroll of noise for 13 gold pieces
   967 | D:1      | Bought a scroll of identify for 26 gold pieces
  1077 | D:2      | Noticed Terence
  1316 | D:2      | Killed Terence
  1317 | D:2      | Reached XP level 3. HP: 26/26 MP: 6/6
  1703 | D:2      | Reached XP level 4. HP: 30/32 MP: 4/7
  2118 | D:3      | Found Jimentae's Magic Scroll Emporium.
  2126 | D:3      | Learned a level 2 spell: Wereblood
  2130 | D:3      | Learned a level 3 spell: Spider Form
  2138 | D:3      | Bought a scroll of identify for 24 gold pieces
  2138 | D:3      | Bought a scroll of identify for 24 gold pieces
  2145 | D:3      | Found a stormy altar of Qazlal.
  2726 | D:3      | Reached XP level 5. HP: 27/37 MP: 6/8
  3491 | D:4      | Reached skill level 5 in Transmutations
  3491 | D:4      | Reached skill level 1 in Poison Magic
  3616 | D:4      | Reached skill level 1 in Stealth
  3616 | D:4      | Reached XP level 6. HP: 21/43 MP: 6/10
  3982 | D:4      | Noticed Menkaure
  3991 | D:4      | Killed Menkaure
  3992 | D:4      | Reached skill level 5 in Unarmed Combat
  4060 | D:4      | Reached XP level 7. HP: 48/48 MP: 9/11
  4118 | D:4      | HP: 2/48 [something/puff of flame (8)]
  4118 | D:4      | Slain by an orc wizard

Illustrated notes

Levels and vault maps discovered:
D:1:      mrwooster_arrival_arrow, layout_basic, serial_shops,
          nicolae_shop_temple_entry_statues_fountains,
          shapermc_ecumenical_altar_acropolis
D:2:      layout_basic, amethyst_killhole, uniq_terence
D:3:      layout_loops_ring, grunt_qazlal_sundering, serial_shops, shop
D:4:      layout_rooms, serial_shops, shop_fountains, roderic_lattice_a,
          minmay_a_box_with_orc_wizards_in_it, uniq_menkaure

Skill      XL: |  1  2  3  4  5  6 |
---------------+-------------------+-----
Transmutations | 3 4 5 |  5.6
Dodging        | 3 4 |  4.2
Unarmed Combat | 4 5 |  5.3
Poison Magic   | 1 2 |  2.3
Stealth        | 1 |  1.3
Spellcasting   | 3 |  3.1
Fighting       | |  1.5
Armour         | |  0.7

Action                   |  1- 3 |  4- 6 |  7- 9 || total
-------------------------+-------+-------+-------++-------
Melee: Unarmed           |    87 |   170 |    23 ||   280
       Headbutt          |    11 |    23 |     1 ||    35
       Punch             |       |     9 |     2 ||    11
 Cast: Beastly Appendage |    21 |    19 |     3 ||    43
       Wereblood         |       |     1 |     1 ||     2
  Use: Scroll            |     5 |     1 |       ||     6
       Potion            |     1 |     1 |     2 ||     4
 Stab: Sleeping          |       |     1 |       ||     1
Armor: Robe              |    11 |    18 |       ||    29
       Skin              |     7 |       |       ||     7
       Troll leather arm |       |    14 |    25 ||    39
Dodge: Dodged            |    54 |   127 |    14 ||   195
